 Dungeon Crawl Stone Soup version 0.29.1-12-g30fa7ad0bf (webtiles) character file.

Game seed: 12356661560188329136

87 shoemetal68 the Digger (level 4, -3/24 HPs)
             Began as a Gargoyle Earth Elementalist on Dec 21, 2022.
             Was an Initiate of Yredelemnul.
             Slain by Terence
             ... wielding a +2 trident of freezing
              (5 damage)
             ... on level 3 of the Dungeon.
             The game lasted 00:16:20 (2155 turns).

shoemetal68 the Digger (GrEE)                       Turns: 2155, Time: 00:16:20

Health: -3/24      AC:  9    Str: 12    XL:     4   Next: 51%
Magic:  5/7        EV: 10    Int: 17    God:    Yredelemnul [......]
Gold:   97         SH:  0    Dex: 10    Spells: 4/8 levels left

rFire   . . .      SeeInvis .   i - +0 mace
rCold   . . .      Faith    .   (no shield)
rNeg    + . .      Spirit   .   h - +0 ring mail
rPois   ∞          Reflect  .   e - +0 helmet
rElec   +          Harm     .   (no cloak)
rCorr   .          Rampage  .   (no gloves)
Will    .....                   (no boots)
Stlth   +.........              (no amulet)
HPRegen 0.08/turn               (no ring)
MPRegen 0.10/turn               (no ring)

@: no status effects
A: sickness immunity, AC +3, negative energy resistance 1, electricity
resistance, torment resistance 1, petrification resistance
a: Renounce Religion, Recall Undead Harvest


You were on level 3 of the Dungeon.
You worshipped Yredelemnul.
Yredelemnul was noncommittal.
You visited 1 branch of the dungeon, and saw 3 of its levels.

You collected 97 gold pieces.

Inventory:

Hand Weapons
 i - a +0 mace (weapon)
 o - a +0 spear
Armour
 a - a +0 robe
 e - a +0 helmet (worn)
 h - a +0 ring mail (worn)
Scrolls
 c - a scroll of immolation
 d - a scroll of poison {unknown}
 g - a scroll of identify
 k - a scroll of enchant armour {unknown}
 m - a scroll of fear {unknown}
 n - a scroll of butterflies
Potions
 b - a potion of magic
 f - 3 potions of heal wounds {unknown}
 j - a potion of ambrosia
 l - 2 potions of haste {unknown}


   Skills:
 + Level 0.8 Fighting
 + Level 1.2 Maces & Flails
 + Level 0.9 Armour
 + Level 1.9 Dodging
 + Level 2.5 Stealth
 + Level 0.4 Unarmed Combat
 + Level 2.5 Spellcasting
 + Level 0.7 Transmutations
 + Level 4.5 Earth Magic


You had 4 spell levels left.
You knew the following spells:

 Your Spells              Type           Power      Damage    Failure   Level
a - Sandblast             Erth           34%        2d9       6%          1
b - Stone Arrow           Conj/Erth      18%        3d8       43%         3

Your spell library contained the following spells:

 Spells                   Type           Power      Damage    Failure   Level
 Passwall                 Tmut/Erth      9%         N/A       22%         2
 Petrify                  Tmut/Erth      11%        N/A       80%         4


Dungeon Overview and Level Annotations

Branches:
Dungeon (3/15)

Altars:
Yredelemnul

Annotations:
D:3 3 runed translucent doors, Terence; ZoeForever1's ghost, amateur HuGl


Innate Abilities, Weirdness & Mutations

You are immune to sickness and miasma.
Your stone body is resilient. (AC +3)
You are immune to poison.
You resist negative energy. (rN+)
You are resistant to electric shocks. (rElec)
You are resistant to unholy torment.
You are immune to petrification.


Message History

Terence hits you but does no damage.
Terence hits you from afar with a +2 trident of freezing!
Terence freezes you.
The quokka twitches its whiskers.
Your kobold zombie hits the bat.
The bat attacks as you move away! The bat hits you but does no damage.
The bat barely misses you.
Your kobold zombie hits the quokka but does no damage.
The bat hits you but does no damage. The bat closely misses you.
The quokka bites your kobold zombie. The bat barely misses you.
Your kobold zombie closely misses the quokka.
The bat closely misses you.
The goblin hits your kobold zombie with a +0 dagger.
The orc barely misses your kobold zombie.
The bat attacks as you move away! The bat hits you but does no damage. x2
The bat barely misses you. The bat attacks as you move away!
The bat barely misses you. x2
The goblin barely misses your kobold zombie.
The orc barely misses your kobold zombie.
The bat hits you but does no damage.
Aiming: Sandblast (safe; 6% risk of failure)
Press: ? - help, Q - select action, (/) - cycle Shift-Dir - straight line, f - quokka, p - Terence
Aim: a quokka (ally target, 75% to hit)
The blast of sand misses the bat.
The blast of sand hits Terence but does no damage.
The bat barely misses you. Terence completely misses you.
The bat barely misses you.
Terence hits you from afar with a +2 trident of freezing.
* * * LOW HITPOINT WARNING * * *
Terence freezes you.
* * * LOW HITPOINT WARNING * * *
Aiming: Sandblast (safe; 6% risk of failure)
Press: ? - help, Q - select action, (/) - cycle Shift-Dir - straight line, f - Terence, p - quokka
Aim: Terence, wielding a +2 trident of freezing and wearing a +0 chain mail (87% to hit)
The blast of sand hits the bat.
You kill the bat!
Terence hits you from afar with a +2 trident of freezing.
You die...
Your body rises from the dead as a mindless zombie.

# .# ###.# #@..# #.###
#@# #r######### #
#Z#.......#.#
#####go....##.#.#
#...............
#.###.#.##.##.###
..#>###....#).....#####.


You could see Terence, an orc, a quokka (ally target), a goblin and a friendly
kobold zombie.

Vanquished Creatures
  A scorpion zombie (D:3)
  2 adders
  A dart slug (D:2)
  3 bats
  3 endoplasms (D:1)
  4 giant cockroaches
  3 hobgoblins (D:1)
  6 jackals (D:1)
  4 ball pythons
  4 frilled lizards
  A giant cockroach zombie (D:3)
  A goblin (D:1)
  6 kobolds
  3 rats
42 creatures vanquished.

Notes
Turn   | Place    | Note
-------+----------+-------------------------------------------
     0 | D:1      | shoemetal68 the Gargoyle Earth Elementalist began the quest
                  | for the Orb.
     0 | D:1      | Reached XP level 1. HP: 10/10 MP: 3/3
   278 | D:1      | Reached skill level 4 in Earth Magic
   314 | D:1      | Reached XP level 2. HP: 12/15 MP: 5/5
   413 | D:1      | Found a faded altar of an unknown god.
   900 | D:1      | Reached XP level 3. HP: 16/20 MP: 1/6
  1109 | D:2      | Learned a level 3 spell: Stone Arrow
  1905 | D:3      | Reached XP level 4. HP: 16/24 MP: 7/7
  1988 | D:3      | Found a runed translucent gate.
  1988 | D:3      | Found a runed translucent gate.
  1988 | D:3      | Found a runed translucent gate.
  1988 | D:3      | Noticed ZoeForever1's ghost (amateur HuGl)
  1992 | D:3      | Found a basalt altar of Yredelemnul.
  2013 | D:3      | Reached skill level 1 in Maces & Flails
  2026 | D:3      | Became a worshipper of Yredelemnul the Dark
  2140 | D:3      | Noticed Terence
  2155 | D:3      | Slain by Terence

Illustrated notes

Levels and vault maps discovered:
D:1:      zelgadis_glass_arrival_small, layout_basic,
          shapermc_ecumenical_altar_pompeii
D:2:      layout_basic, grunt_decor_resistance
D:3:      layout_loops_cross, nicolae_yredelemnul_ghost_church, st_stairs_5,
          uniq_terence

Skill      XL: |  1  2  3  4 |
---------------+-------------+-----
Earth Magic    | 4 |  4.5
Maces & Flails | 1 |  1.2
Fighting       | |  0.8
Armour         | |  0.9
Dodging        | |  1.9
Stealth        | |  2.5
Unarmed Combat | |  0.4
Spellcasting   | |  2.5
Transmutations | |  0.7

Action                   |  1- 3 |  4- 6 || total
-------------------------+-------+-------++-------
Melee: Unarmed           |    69 |       ||    69
       Mace              |    48 |     6 ||    54
       Punch             |     2 |       ||     2
 Cast: Sandblast         |    24 |    11 ||    35
  Use: Scroll            |     4 |       ||     4
Armor: Robe              |    46 |       ||    46
       Ring mail         |    41 |    16 ||    57
Dodge: Dodged            |   103 |    23 ||   126
